AoeStats
← Luca

MegaRandom

508939344Analyzed
3v3 RM · 9d ago on Sep 24, 2026· 34m 3s· 6 players
Game mode
Random Map
Map size
Normal (6 player)
Population
200
Speed
Normal
Resources
Standard
Victory
Conquest
Starting age
Dark Age
Ending age
Imperial Age
RankedLock teamsTeams togetherTeam positionsShared explorationLock speedFull tech treeHidden civsTurbo modeCheats
Victory
Defeat
🇦🇹 Magyars · Austria
1522
+16
🇨🇭 Bulgarians · Switzerland
1503
+17
🇲🇴 Wei · Macao SAR China
1468
+18
🇩🇪 Danes · Germany
1635
-22
🇩🇪 Varangians · Germany
1563
-19
🇦🇹 Saxons · Austria
1349
-10
屁屁人
2:28 Loom
13:13 Feudal Age
13:46 Double-Bit Axe
15:02 Horse Collar
19:39 Wheelbarrow
23:23 Castle Age
21:18 Stone Mining
21:21 Gold Mining
21:53 Fletching
22:36 Bloodlines
24:05 Bodkin Arrow
24:39 Bow Saw
24:31 Heavy Plow
25:41 Town Watch
30:04 Padded Archer Armor
34:32 Thumb Ring
mt
13:19 Feudal Age
12:31 Loom
14:13 Double-Bit Axe
14:12 Horse Collar
16:47 Castle Age
16:10 Forging
16:09 Scale Barding Armor
17:00 Forging
17:52 Bow Saw
17:45 Heavy Plow
24:30 Iron Casting
26:19 Chain Barding Armor
27:55 Wheelbarrow
31:40 Bloodlines
31:30 Husbandry
Joker
3:24 Loom
11:23 Feudal Age
17:06 Castle Age
17:29 Fletching
22:28 Bodkin Arrow
24:49 Ballistics
28:28 Husbandry
28:38 Bloodlines
29:11 Padded Archer Armor
30:48 Thumb Ring
low_eco_legends
3:38 Loom
12:15 Feudal Age
13:24 Double-Bit Axe
14:28 Bloodlines
14:11 Horse Collar
19:41 Wheelbarrow
20:10 Scale Barding Armor
20:17 Forging
24:18 Castle Age
25:02 Husbandry
25:24 Chain Barding Armor
25:39 Bow Saw
25:30 Heavy Plow
25:22 Gold Mining
33:00 Iron Casting
leon.r
7:58 Loom
14:42 Feudal Age
15:10 Man-at-Arms
18:46 Castle Age
17:00 Double-Bit Axe
17:51 Horse Collar
19:30 Town Watch
19:27 Pikeman
20:25 Bow Saw
22:54 Heavy Plow
23:10 Scale Mail Armor
25:31 Chain Mail Armor
28:19 Squires
Luca
3:41 Loom
10:48 Feudal Age
11:42 Double-Bit Axe
13:12 Fletching
25:26 Castle Age
24:57 Padded Archer Armor
25:30 Crossbowman
Connection lost

Rejoining the realm…

Still unreachable

The connection could not be restored.

Session expired

The server has moved on; the page needs a fresh start.